 Dungeon Crawl Stone Soup version 0.27.1-3-gb3d3a73c9e (webtiles) character file.

Game seed: 17692299881271758008

1162 ABBCCCDDDD the Vexing (level 8, -2/54 HPs)
             Began as an Octopode Enchanter on Oct 7, 2021.
             Was an Initiate of Gozag.
             Shot with a bolt by an orc warrior (16 damage)
             ... in a bailey.
             The game lasted 00:12:01 (8027 turns).

ABBCCCDDDD the Vexing (Octopode Enchanter)          Turns: 8027, Time: 00:12:02

Health: -2/54      AC:  1    Str:  7    XL:     8   Next: 40%
Magic:  11/13      EV: 13    Int: 19    God:    Gozag
Gold:   271        SH:  0    Dex: 13    Spells: 7/13 levels left

rFire    . . .     SeeInvis .   b - +2 spear (freeze)
rCold    . . .     Faith    .   (no shield)
rNeg     . . .     Spirit   .   (helmet restricted)
rPois    .         Reflect  .   n - amulet of the acrobat
rElec    .         Harm     .   (no ring)
rCorr    .         Rampage  .   (no ring)
Will     .....                  (no ring)
Stlth    ++++......             (no ring)
HPRegen  0.18/turn              (no ring)
MPRegen  0.13/turn              (no ring)
                                (no ring)
                                (no ring)

@: hasted, very quick
A: almost no armour, amphibious, 8 rings, camouflage 1, gelatinous body 1,
(nimble swimmer 1), tentacles
a: Renounce Religion, Potion Petition, Call Merchant, Bribe Branch


You were in a bailey.
You worshipped Gozag.
Gozag was aware of your devotion.
You visited 2 branches of the dungeon, and saw 8 of its levels.
You also visited: Bailey.

You collected 381 gold pieces.
You paid 110 gold pieces to Gozag.

Inventory:

Hand Weapons
 a - a +1 dagger
 b - a +2 spear of freezing (weapon)
Missiles
 y - 5 curare-tipped darts
 D - a throwing net
Magical Staves
 k - a staff of poison
 w - a staff of cold
Jewellery
 n - an amulet of the acrobat (around mantle)
 r - a ring of fire
Wands
 l - a wand of polymorph (8)
 u - a wand of charming (1)
 x - a wand of paralysis (5)
Scrolls
 e - a scroll of magic mapping {unknown}
 h - 4 scrolls of amnesia
 j - a scroll of identify {unknown}
 o - a scroll of immolation {unknown}
 q - a scroll of acquirement {unknown}
 s - a scroll of vulnerability {unknown}
 t - a scroll of fog {unknown}
 v - a scroll of holy word {unknown}
 E - a scroll of noise {unknown}
 F - a scroll of blinking {unknown}
Potions
 c - a potion of heal wounds {unknown}
 d - 3 potions of attraction {unknown}
 f - a potion of haste
 g - 4 potions of curing {unknown}
 i - a potion of brilliance {unknown}
 p - a potion of degeneration {unknown}
 z - 4 potions of lignification {unknown}
 A - a potion of cancellation {unknown}
 B - 2 potions of resistance {unknown}
 C - a potion of might {unknown}


   Skills:
 + Level 4.7 Fighting
 - Level 1.2 Short Blades
 - Level 4.0 Polearms
 - Level 2.0 Dodging
 + Level 5.6 Stealth
 + Level 3.4 Spellcasting
 + Level 5.6 Hexes
 - Level 3.0 Ice Magic


You had 7 spell levels left.
You knew the following spells:

 Your Spells              Type           Power      Damage    Failure   Level
a - Corona                Hex            26%        N/A       1%          1
b - Ensorcelled Hibernat  Hex/Ice        38%        N/A       3%          2
c - Tukima's Dance        Hex            24%        N/A       4%          3

Your spell library contained the following spells:

 Spells                   Type           Power      Damage    Failure   Level
 Confusing Touch          Hex            24%        N/A       4%          3
 Sandblast                Erth           6%         2d5       14%         1
 Summon Small Mammal      Summ           12%        N/A       14%         1
 Dazzling Flash           Conj/Hex       26%        N/A       14%         3
 Summon Guardian Golem    Hex/Summ       13%        N/A       14%         3
 Passwall                 Tmut/Erth      2%         N/A       22%         2
 Call Canine Familiar     Summ           3%         N/A       41%         3
 Lee's Rapid Deconstruct  Erth           1%         3d5*      99%         5
 Orb of Destruction       Conj           1%         N/A       100%        7
 Spellforged Servitor     Conj/Summ      1%         N/A       100%        7


Dungeon Overview and Level Annotations

Branches:
Dungeon (7/15)             Temple (1/1) D:6          Bailey (1/1)

Altars:
Ashenzari
Cheibriados
Fedhas
Gozag
Hepliaklqana
Kikubaaqudgha
Makhleb
Nemelex Xobeh
Sif Muna
Trog
Xom
Yredelemnul
The Shining One

Annotations:
D:4 Ijyb
D:5 Eustachio, Sigmund
D:7 Duvessa, Joseph


Innate Abilities, Weirdness & Mutations

You cannot wear most types of armour.
You are amphibious.
You can wear up to eight rings at the same time.
Your skin changes colour to match your surroundings (Stealth+).
Your rubbery body absorbs attacks. (AC +1, EV +1)
((You are camouflaged near water. (Stealth+)))
You have tentacles for arms and can constrict up to eight enemies at once.


Message History

Okay, then.
Aiming: Charm
Press: ? - help, Shift-Dir - straight line, f/p - orc knight
Aim: an orc knight, wearing a +0 plate armour (moderately wounded, chance to affect: 28%)
The orc knight easily resists.
Aiming: Charm
Press: ? - help, Shift-Dir - straight line, f/p - orc knight
Aim: an orc knight, wearing a +0 plate armour (moderately wounded, chance to affect: 28%)
The orc knight easily resists.
Okay, then.
As you read the scroll of teleportation, it crumbles to dust.
You feel strangely unstable.
An orc warrior comes into view. It is wielding a +0 halberd.
The orc knight roars a battlecry!
You hear a shout! x3
Your surroundings suddenly seem different.
An orc, 2 orc warriors and an orc knight come into view.
Found four items.
Found a gate leading back out of this place.
The orc warrior shouts!
The orc knight shouts!
Okay, then.
You feel yourself speed up.
The orc warrior shouts!
There is an open door here.
Casting: Tukima's Dance (dangerous; 4% risk of failure)
Confirm with . or Enter, or press ? or * to list all spells.
Okay, then.
Okay, then.
The orc warrior no longer looks unusually strong.
The orc no longer looks unusually strong.
The orc knight roars a battlecry!
Okay, then.
The orc warrior no longer looks unusually strong.
Aiming: Charm
Press: ? - help, Shift-Dir - straight line, f - orc warrior, p - orc knight
Aim: an orc warrior, wielding a +0 arbalest, wearing a +0 ring mail and quivering bolts (strong, chance to affect: 46%)
The orc warrior resists with some effort.
The orc warrior shoots a bolt.
The bolt hits you!
You die...
Your body crumbles into a pile of gold.

## #### ##∩########
##.##
....##...##.....##..)#
≈≈≈..#...#).≈≈≈.@#o.!#
≈o≈≈......o≈≈o≈≈.#..)#
o≈......$≈.oo≈.'...#
.......≈≈o≈≈.#o.)#
#...#..≈≈≈..#...#
#.o.##.o...##...#
##∩######## ##.## ###
##


You could see 2 orc knights, 4 orc warriors and an orc.

Levels and vault maps discovered:
D:1:      amcnicky_arrival_blooded_trapdoor, layout_loops_cross,
          shapermc_ecumenical_altar_mp_vishouse, minmay_misc_feat_rows
D:2:      layout_loops_ring, basic_altar, serial_bayou_lagoon_b, uniq_terence
D:3:      layout_loops_ring, beargit_hepliaklqana_dungeon_heroes
D:4:      gammafunk_steamed_eel, layout_cave_pools, marbit_many_paths, uniq_ijyb
D:5:      layout_cave_pods, grunt_temple_overflow_open,
          kennysheep_cluttered_room, hex_tiny, lemuel_flame_loot_1,
          uniq_eustachio, uniq_sigmund
D:6:      layout_basic, minmay_temple_entry_stoned_glass
D:7:      layout_loops_ring, enter_bailey_3, minivault_19,
          grunt_decor_mini_mirrors, minmay_diced_spiral, uniq_duvessa,
          uniq_harold, uniq_pikel, uniq_joseph
Temple:   dshaligram_water_room_temple
Bailey:   bailey_polearm_4, bailey

Notes
Turn   | Place    | Note
-------+----------+-------------------------------------------
     0 | D:1      | ABBCCCDDDD the Octopode Enchanter began the quest for the
                  | Orb.
     0 | D:1      | Reached XP level 1. HP: 11/11 MP: 3/3
   214 | D:1      | Found a faded altar of an unknown god.
   294 | D:1      | Reached XP level 2. HP: 18/18 MP: 5/5
   873 | D:2      | Reached skill level 1 in Fighting
   873 | D:2      | Reached skill level 1 in Polearms
   873 | D:2      | Reached XP level 3. HP: 13/23 MP: 6/6
  1146 | D:2      | Learned a level 2 spell: Ensorcelled Hibernation
  1210 | D:2      | Noticed Terence
  1498 | D:2      | Found a shimmering blue altar of Sif Muna.
  1609 | D:2      | Killed Terence
  1610 | D:2      | Reached XP level 4. HP: 25/28 MP: 7/7
  1876 | D:3      | Reached skill level 1 in Ice Magic
  2610 | D:3      | Noticed Jessica
  2616 | D:3      | Killed Jessica
  2627 | D:3      | Found a hazy altar of Hepliaklqana.
  2629 | D:3      | Found a faded altar of an unknown god.
  2845 | D:4      | Reached XP level 5. HP: 34/34 MP: 9/9
  3014 | D:4      | Noticed Ijyb
  3041 | D:4      | Found a transporter.
  3050 | D:4      | Noticed a kobold brigand
  3128 | D:4      | Found a transporter.
  3409 | D:4      | Reached XP level 6. HP: 33/41 MP: 10/10
  3834 | D:4      | Found a broken altar of Ashenzari.
  5013 | D:4      | Reached XP level 7. HP: 37/46 MP: 11/11
  5349 | D:5      | Entered Level 5 of the Dungeon
  5562 | D:5      | Found an ancient bone altar of Kikubaaqudgha.
  5563 | D:5      | Found a blossoming altar of Fedhas.
  5563 | D:5      | Found a snail-covered altar of Cheibriados.
  5584 | D:5      | Reached skill level 5 in Hexes
  5740 | D:5      | Noticed Eustachio
  5870 | D:5      | Noticed Sigmund
  6848 | D:6      | Found a staircase to the Ecumenical Temple.
  6857 | Temple   | Entered the Ecumenical Temple
  6871 | Temple   | Became a worshipper of Gozag Ym Sagoz the Greedy
  7225 | D:6      | Learned a level 3 spell: Tukima's Dance
  7236 | D:6      | Reached XP level 8. HP: 47/54 MP: 9/12
  7764 | D:7      | Reached skill level 5 in Stealth
  7871 | D:7      | Noticed Joseph
  7913 | D:7      | Noticed Duvessa
  7984 | D:7      | Found a flagged portal.
  7992 | Bailey   | Entered a bailey
  7992 | Bailey   | Noticed an orc knight
  8010 | Bailey   | Noticed an orc knight
  8022 | Bailey   | Noticed an orc knight
  8027 | Bailey   | Shot with a bolt by an orc warrior

Table legend: (Time is in decaauts)
 A = Elapsed time spent in this place.
 B = Non-inter-level travel time spent in this place.
 C = Inter-level travel time spent in this place.
 D = Time resting spent in this place.
 E = Time spent auto-exploring this place.
 F = Levels seen in this place.
 G = Mean time per level.
                   A        B        C        D        E       F      G
               +--------+--------+--------+--------+--------+-----+--------+
         Total |   8017 |   7808 |    209 |   2969 |   3671 |   9 |  890.8 |
       Dungeon |   7955 |   7758 |    197 |   2953 |   3665 |   7 | 1136.4 |
        Temple |     27 |     15 |     12 |      0 |      6 |   1 |   27.0 |
        Bailey |     33 |     33 |      0 |     16 |      0 |   1 |   33.0 |
               +--------+--------+--------+--------+--------+-----+--------+

Top non-repeatable levels by time:
     D:4: 2654 daAuts
     D:6: 1152 daAuts
     D:3: 1062 daAuts
     D:5: 1024 daAuts
     D:2: 980 daAuts
     D:1: 794 daAuts
     D:7: 285 daAuts
  Bailey: 33 daAuts
  Temple: 27 daAuts

Table legend:
 A = Kills in this place as a percentage of kills in entire the game.
 B = Kills by you in this place as a percentage of kills by you in the entire game.
 C = Kills by friends in this place as a percentage of kills by friends in the entire game.
 D = Other kills in this place as a percentage of other kills in the entire game.
 E = Experience gained in this place as a percentage of experience gained in the entire game.
 F = Experience gained in this place divided by the number of levels of this place that you have seen.
                   A       B       C       D       E      F
               +-------+-------+-------+-------+-------+----------------------
         Total | 100.0 | 100.0 |   N/A |   N/A | 100.0 | 184.6
       Dungeon | 100.0 | 100.0 |   N/A |   N/A | 100.0 | 237.3
               +-------+-------+-------+-------+-------+----------------------

Action                   |  1- 3 |  4- 6 |  7- 9 || total
-------------------------+-------+-------+-------++-------
Melee: Spear             |    65 |    94 |   139 ||   298
       Constrict         |     9 |    14 |    21 ||    44
       Tentacles         |     2 |    10 |    23 ||    35
       Dagger            |       |       |     5 ||     5
 Cast: Tukima's Dance    |       |       |     2 ||     2
       Ensorcelled Hiber |       |       |     2 ||     2
       Corona            |       |       |     1 ||     1
Evoke: Wand              |       |     6 |     5 ||    11
  Use: Scroll            |       |       |     4 ||     4
       Potion            |       |       |     1 ||     1
 Stab: Sleeping          |    17 |    12 |     6 ||    35
       Distracted        |       |     1 |     5 ||     6
Armor: Skin              |     1 |     1 |     6 ||     8
Dodge: Dodged            |    19 |    37 |    64 ||   120

Vanquished Creatures
  A water moccasin (D:7)
  An ogre (D:6)
  A necrophage (D:7)
  A kobold brigand (D:4)
  A water moccasin skeleton (D:6)
  4 electric eels (D:4)
  A bullfrog zombie (D:6)
  A hound (D:6)
  A centaur skeleton (D:6)
  3 bullfrog skeletons
  A jelly (D:6)
  Jessica (D:3)
  2 iguanas
  Terence (D:2)
  5 orc wizards
  A hound zombie (D:5)
  3 gnolls (D:4)
  6 adders
  A howler monkey skeleton (D:4)
  A shadow imp (D:7)
  A white imp (D:5)
  An adder skeleton (D:4)
  A dart slug (D:1)
  12 orcs
  4 bats
  3 endoplasms
  6 giant cockroaches
  10 goblins
  5 hobgoblins
  A quokka (D:2)
  8 ball pythons
  3 frilled lizards
  2 kobolds (D:3)
  3 rats
97 creatures vanquished.

Vanquished Creatures (others)
  A dancing weapon (Bailey)
  An orc warrior (Bailey)
  11 plants
13 creatures vanquished.

Grand Total: 110 creatures vanquished
